AoeStats
← AiM | CyclopsTron

QS Arena

503526224Analyzed
4v4 RM · 1mo ago on Sep 1, 2026· 34m 43s· 8 players
Game mode
Random Map
Map size
Large (8 player)
Population
200
Speed
Normal
Resources
Standard
Victory
Conquest
Starting age
Dark Age
Ending age
Imperial Age
RankedLock teamsTeams togetherTeam positionsShared explorationLock speedFull tech treeHidden civsTurbo modeCheats
Victory
Defeat
🇲🇽 Koreans · Mexico
1609
+7
🇦🇷 Turks · Argentina
1538
+10
🇨🇱 Spanish · Chile
1491
+12
🇲🇽 Persians · Mexico
1013
+92
🇹🇷 Franks · Türkiye
1468
-19
🇧🇷 Romans · Brazil
1398
-15
🇨🇳 Italians · China
1396
-15
🇦🇷 Khmer · Argentina
1334
-12
AiM | CyclopsTron
1:24 Loom
7:27 Feudal Age
11:54 Castle Age
10:22 Double-Bit Axe
10:58 Horse Collar
15:52 Bow Saw
18:11 Wheelbarrow
19:07 Loom
20:14 Squires
20:16 Scale Mail Armor
22:13 Town Watch
23:03 Chain Mail Armor
24:57 Forging
25:20 Heavy Plow
30:31 Iron Casting
30:37 Hand Cart
33:28 Imperial Age
31:05 Gold Mining
31:06 Arson
32:37 Fortified Wall
34:41 Plate Mail Armor
33:40 Elite Fire Lancer
AiM | DARK ENIGMA
4:40 Loom
5:52 Loom
7:57 Feudal Age
13:17 Castle Age
14:13 Horse Collar
14:25 Double-Bit Axe
17:15 Loom
19:42 Heavy Plow
22:00 Wheelbarrow
23:57 Gold Mining
27:51 Imperial Age
26:14 Gold Shaft Mining
25:54 Bow Saw
26:46 Hand Cart
26:50 Scale Barding Armor
27:17 Forging
27:22 Bloodlines
27:15 Husbandry
28:34 Conscription
28:37 Chain Barding Armor
28:55 Iron Casting
29:16 Crop Rotation
28:36 Cavalier
30:06 Plate Barding Armor
30:21 Savar
32:55 Blast Furnace
AiM | Facu1414
8:22 Loom
10:08 Feudal Age
14:09 Castle Age
18:14 Imperial Age
15:51 Double-Bit Axe
17:39 Padded Archer Armor
31:55 Gold Mining
AiM | Shuffle
8:18 Feudal Age
12:29 Castle Age
10:21 Double-Bit Axe
11:03 Horse Collar
12:02 Gold Mining
13:47 Bow Saw
20:10 Padded Archer Armor
21:04 Bloodlines
21:48 Husbandry
22:49 Leather Archer Armor
27:06 Wheelbarrow
30:31 Imperial Age
28:28 Heavy Plow
29:32 Masonry
29:36 Fortified Wall
30:14 Herbal Medicine
30:37 Hand Cart
30:21 Loom
32:15 Chemistry
33:00 Architecture
35:27 Scale Barding Armor
MAZZUCCO
7:46 Feudal Age
9:21 Loom
12:14 Castle Age
10:14 Double-Bit Axe
10:11 Horse Collar
12:00 Gold Mining
14:19 Wheelbarrow
13:54 Bow Saw
21:00 Town Watch
23:46 Hand Cart
26:30 Bow Saw
26:22 Heavy Plow
29:41 Imperial Age
28:06 Ballistics
29:45 Ballistas
30:01 Capped Ram
32:11 Chemistry
31:05 Heavy Scorpion
32:29 Siege Ram
ReBeL_persi
8:19 Feudal Age
13:29 Castle Age
11:21 Double-Bit Axe
11:43 Horse Collar
15:28 Bow Saw
19:52 Husbandry
20:02 Bloodlines
20:40 Scale Barding Armor
21:34 Gold Mining
22:56 Chain Barding Armor
24:12 Forging
Bir durumu var
8:27 Feudal Age
9:18 Double-Bit Axe
12:07 Castle Age
13:28 Bow Saw
15:21 Loom
15:21 Loom
18:47 Fletching
21:53 Bodkin Arrow
23:04 Wheelbarrow
24:32 Ballistics
24:16 Guard Tower
人生😈百态
8:34 Feudal Age
12:57 Castle Age
11:01 Double-Bit Axe
13:26 Loom
15:50 Town Watch
19:30 Bow Saw
19:29 Fletching
23:55 Bodkin Arrow
Connection lost

Rejoining the realm…

Still unreachable

The connection could not be restored.

Session expired

The server has moved on; the page needs a fresh start.